 Dungeon Crawl Stone Soup version 0.23.0-3-gf3c87f2 (webtiles) character file.

Game seed: 17093630735880115253

28 vishdafish the Charmwright (level 3, 20/27 HPs)
             Began as a Demonspawn Skald on Feb 22, 2019.
             Quit the game on level 1 of the Dungeon.
             The game lasted 00:01:01 (730 turns).

vishdafish the Charmwright (Demonspawn Skald)        Turns: 730, Time: 00:01:02

Health: 20/27      AC:  3    Str: 11    XL:     3   Next: 0%
Magic:  6/6        EV: 12    Int: 15    God:
Gold:   54         SH:  0    Dex: 12    Spells: 5/6 levels left

rFire    . . .     SeeInvis .   a - +0 falchion
rCold    . . .     Gourm    .   (no shield)
rNeg     . . .     Faith    .   b - +0 leather armour
rPois    .         Spirit   .   (no helmet)
rElec    .         Reflect  .   (no cloak)
rCorr    .         Harm     .   (no gloves)
MR       .....                  (no boots)
Stlth    ..........             (no amulet)
HPRegen  0.09/turn              f - ring of attention (curse)
MPRegen  0.10/turn              (no ring)

@: no status effects
A: claws 2
a: no special abilities


You were on level 1 of the Dungeon.
You were not hungry.

You visited 1 branch of the dungeon, and saw 1 of its levels.

You collected 54 gold pieces.

Inventory:

Hand Weapons
 a - a +0 falchion (weapon)
Armour
 b - a +0 leather armour (worn)
Jewellery
 f - a cursed ring of attention (left claw)
 h - an uncursed amulet of magic regeneration {unknown}
Scrolls
 c - 2 scrolls of remove curse {unknown}
 g - 4 scrolls of teleportation {unknown}
 i - 2 scrolls of blinking {unknown}
Potions
 e - 2 potions of mutation {unknown}
 j - a potion of curing {unknown}
Comestibles
 d - a ration


   Skills:
 + Level 2.2 Fighting
 + Level 2.1 Long Blades
 + Level 0.9 Armour
 + Level 2.1 Dodging
 + Level 0.2 Stealth
 + Level 2.1 Spellcasting
 + Level 3.0 Charms


You had 5 spell levels left.
You knew the following spells:

 Your Spells              Type           Power        Failure   Level  Hunger
a - Infusion              Chrm           ##..         9%          1    #......

Your spell library contained the following spells:

 Spells                   Type           Power        Failure   Level  Hunger
 Song of Slaying          Chrm           ##......     13%         2    ###....
 Shroud of Golubria       Chrm/Tloc      #.........   24%         2    ###....
 Regeneration             Chrm/Necr      #.........   43%         3    ###....
 Spectral Weapon          Hex/Chrm       #.......     43%         3    ###....


Dungeon Overview and Level Annotations

Branches:
Dungeon (1/15)

Altars:


Innate Abilities, Weirdness & Mutations

You have very sharp fingernails.


Message History

You hit the rat.
You kill the rat!
No target in view!
No target in view!
No target in view!
No target in view!
No target in view!
A frilled lizard comes into view.
The frilled lizard hisses angrily.
A frilled lizard is nearby!
A frilled lizard is nearby!
The frilled lizard closely misses you.
You hit the frilled lizard.
You kill the frilled lizard!
You have reached level 3!
Your experience leads to an increase in your attributes!
Increase (S)trength, (I)ntelligence, or (D)exterity?
You feel clever.
Your demonic ancestry asserts itself...
Your fingernails sharpen.
Are you sure you want to abandon this character and quit the game? (Confirm with "yes".)

#.#.## #..# #.#..# #..#
### #.##.# #... #.#
#.##.# #.## ...
#.##.###.# ## #.#
#........# ##.# #.#
####†#.###
####...##.#######....###
+......@................
####....#######.#.....##
##.#.# #.#.#.#.# #####
#.#.###.#
###################
...................
...#...#..########. ##
##...##..## bg⌠.#. ....
.#...#...#####gg..#.


There were no monsters in sight!

Vanquished Creatures
  2 dart slugs (D:1)
  A hobgoblin (D:1)
  3 jackals (D:1)
  2 ball pythons (D:1)
  5 bats (D:1)
  3 frilled lizards (D:1)
  4 goblins (D:1)
  3 kobolds (D:1)
  4 rats (D:1)
27 creatures vanquished.

Notes
Turn   | Place    | Note
-------+----------+-------------------------------------------
     0 | D:1      | vishdafish the Demonspawn Skald began the quest for the
                  | Orb.
     0 | D:1      | Reached XP level 1. HP: 16/16 MP: 3/3
   332 | D:1      | Gained mutation: You have sharp fingernails. [demonic
                  | ancestry]
   332 | D:1      | Reached XP level 2. HP: 22/22 MP: 5/5
   375 | D:1      | Reached skill level 3 in Charms
   729 | D:1      | Gained mutation: You have very sharp fingernails. [demonic
                  | ancestry]
   729 | D:1      | Reached XP level 3. HP: 20/27 MP: 6/6
   730 | D:1      | Quit the game

Skill      XL: |  1  2 |
---------------+-------+-----
Dodging        | 2 |  2.1
Long Blades    | 2 |  2.1
Charms         | 3 |  3.0
Fighting       | |  2.2
Armour         | |  0.9
Stealth        | |  0.2
Spellcasting   | |  2.1

Action                   || total
-------------------------++-------
Melee: Falchion          ||    72
 Cast: Infusion          ||     2
Armor: Leather armour    ||    24
Dodge: Dodged            ||    58
       Rpst.: Falchion   ||    19
